 Dungeon Crawl Stone Soup version 0.27-a0-492-ga4bb394fd4 (webtiles) character file.

Game seed: 8224271035789762998

30 Gaff the Sneak (level 3, -1/22 HPs)
             Began as a Kobold Brigand on Mar 2, 2021.
             Slain by an orc wizard
             ... wielding a +0 dagger
              (4 damage)
             ... on level 2 of the Dungeon.
             The game lasted 00:02:03 (1049 turns).

Gaff the Sneak (Kobold Brigand)                     Turns: 1049, Time: 00:02:04

Health: -1/22      AC:  4    Str:  8    XL:     3   Next: 37%
Magic:  3/3        EV: 13    Int: 12    God:
Gold:   69         SH:  0    Dex: 17    Spells: 2/2 levels left

rFire    . . .     SeeInvis .   a - +2 dagger
rCold    . . .     Faith    .   (shield restricted)
rNeg     . . .     Spirit   .   h - +0 leather armour
rPois    .         Reflect  .   (no helmet)
rElec    .         Harm     .   c - +0 cloak
rCorr    .         Rampage  .   (no gloves)
Will     .....                  (no boots)
Stlth    ++++......             (no amulet)
HPRegen  0.07/turn              (no ring)
MPRegen  0.08/turn              (no ring)

@: no status effects
A: small, nightstalker 3
a: no special abilities


You were on level 2 of the Dungeon.
You visited 1 branch of the dungeon, and saw 2 of its levels.

You collected 69 gold pieces.

Inventory:

Hand Weapons
 a - a +2 dagger (weapon)
Missiles
 d - 7 poisoned darts (quivered)
 e - 2 curare-tipped darts
Armour
 b - a +0 robe
 c - a +0 cloak (worn)
 h - a +0 leather armour (worn)
Scrolls
 f - a scroll of noise {unknown}
 j - a scroll of identify {unknown}
Potions
 g - a potion of lignification {unknown}
 i - a potion of ambrosia {unknown}
 k - 3 potions of heal wounds {unknown}
 l - a potion of resistance {unknown}
 m - a potion of degeneration {unknown}


   Skills:
 + Level 2.3 Fighting
 + Level 2.9 Short Blades
 + Level 2.1 Throwing
 + Level 0.3 Armour
 + Level 1.2 Dodging
 + Level 6.5 Stealth


You had 2 spell levels left.
You didn't know any spells.
Your spell library was empty.

Dungeon Overview and Level Annotations

Branches:
Dungeon (2/15)

Altars:


Innate Abilities, Weirdness & Mutations

You are small and have problems with some larger weapons.
You are completely attuned to the shadows.


Message History

Okay, then.
Non-targeted confused throw: 8 darts (poison)
Press: ? - help, Q - select action, (/) - cycle Dir - look around, f - activate Look: an orc wizard, wielding a +0 dagger and wearing a +0 robe (severely wounded, 37% to hit)
You throw a poisoned dart.
The orc wizard gestures at you while chanting.
You resist with significant effort.
You hit the orc wizard but do no damage.
The orc wizard is severely wounded.
The orc wizard hits you with a +0 dagger.
* * * LOW HITPOINT WARNING * * *
The orc wizard gestures at you while chanting.
The magic dart hits you.
* * * LOW HITPOINT WARNING * * *
You hit the orc wizard.
The orc wizard is severely wounded.
The orc wizard hits you but does no damage.
The orc wizard points at you and mumbles some strange words.
The puff of flame hits you but does no damage.
An orc comes into view. It is wielding a +0 club.
You feel less confused.
The orc shouts!
You hit the orc wizard but do no damage.
The orc wizard is severely wounded.
You hear a shout!
The orc wizard misses you.
You closely miss the orc wizard.
The orc wizard is severely wounded.
The orc wizard closely misses you.
You hit the orc wizard.
The orc wizard is almost dead.
The orc wizard gestures at itself while chanting.
The orc wizard flickers and vanishes!
Deactivating autopickup; reactivate with Ctrl-A.
Something hits you but does no damage. Something hits you.
* * * LOW HITPOINT WARNING * * *
There is a stone staircase leading up here.
The orc hits you but does no damage. Something hits you.
You die...

...... ....>.
.....# ...K..#
...(.# ......#
#....#
......####....##
.....o..........
....o#####o)..#
...o..# #.{..#
..o...# #@o..#
......# ######
......#


You could see 2 orcs.

Vanquished Creatures
  2 dart slugs (D:1)
  2 leopard geckos (D:1)
  2 orcs (D:1)
  3 bats (D:1)
  2 giant cockroaches (D:1)
  3 hobgoblins (D:1)
  4 kobolds (D:1)
  2 goblins (D:1)
20 creatures vanquished.

Notes
Turn   | Place    | Note
-------+----------+-------------------------------------------
     0 | D:1      | Gaff the Kobold Brigand began the quest for the Orb.
     0 | D:1      | Reached XP level 1. HP: 12/12 MP: 1/1
   101 | D:1      | Reached skill level 6 in Stealth
   101 | D:1      | Reached XP level 2. HP: 17/17 MP: 2/2
   822 | D:1      | Reached XP level 3. HP: 21/21 MP: 3/3
  1049 | D:2      | Slain by an orc wizard

Illustrated notes

Levels and vault maps discovered:
D:1:      shiori_arrival_maze, layout_basic
D:2:      layout_rooms, marbit_many_paths

Skill      XL: |  1 |
---------------+----+-----
Stealth        | 6 |  6.5
Fighting       | |  2.3
Short Blades   | |  2.9
Throwing       | |  2.1
Armour         | |  0.3
Dodging        | |  1.2

Action                   || total
-------------------------++-------
Melee: Dagger            ||    89
Throw: Dart              ||     1
 Stab: Sleeping          ||     9
Armor: Leather armour    ||    20
Dodge: Dodged            ||    42

Table legend: (Time is in decaauts)
 A = Elapsed time spent in this place.
 B = Non-inter-level travel time spent in this place.
 C = Inter-level travel time spent in this place.
 D = Time resting spent in this place.
 E = Time spent auto-exploring this place.
 F = Levels seen in this place.
 G = Mean time per level.
                   A        B        C        D        E       F      G
               +--------+--------+--------+--------+--------+-----+--------+
         Total |   1039 |   1037 |      2 |    227 |    592 |   2 |  519.5 |
       Dungeon |   1039 |   1037 |      2 |    227 |    592 |   2 |  519.5 |
               +--------+--------+--------+--------+--------+-----+--------+

Top non-repeatable levels by time:
     D:1: 982 daAuts
     D:2: 57 daAuts
